Map: Cyber Forest LE

Players

Smileblind - Winner!

  • Race: Protoss Protoss
  • League: Silver
  • Spawn Location: 11:00

VOD

Have the link to the VOD?

Description

Time

  • Played on: Feb. 4, 2019, 9:51 a.m.
  • Length: 35:52
Show
View Real Time Build Order
Export as new Build Order

Smileblind Protoss - Winner!

Build Orders:  

Get SALT Encoding   

  12  0:14  Probe (Chrono Boost)  
  13  0:29  Probe (Chrono Boost)  
  14  0:34  Pylon  
  14  0:40  Probe (Chrono Boost)  
  15  0:56  Assimilator  
  15  0:57  Probe (Chrono Boost)  
  16  1:14  Probe (Chrono Boost)  
  16  1:15  Gateway  
  18  1:32  Probe (Chrono Boost)  
  18  1:40  Assimilator  
  18  1:45  Probe (Chrono Boost)  
  19  1:56  Probe (Chrono Boost)  
  19  2:08  Probe (Chrono Boost)  
  21  2:20  Pylon  
  21  2:25  Probe (Chrono Boost)  
  22  2:40  Cybernetics Core  
  22  2:42  Probe (Chrono Boost)  
  22  2:45  Zealot  
  25  2:59  Probe (Chrono Boost)  
  26  3:09  Nexus  
  26  3:19  Pylon  
  26  3:23  Probe (Chrono Boost)  
  28  3:40  Probe (Chrono Boost)  
  28  3:42  Sentry  
  30  3:57  Assimilator, Probe (Chrono Boost)  
  30  3:59  Assimilator  
  31  4:14  Probe (Chrono Boost)  
  32  4:21  Twilight Council  
  33  4:31  Probe (Chrono Boost)  
  33  4:34  Stargate  
  33  4:40  Warp Gate  
  33  4:48  Probe (Chrono Boost)  
  33  4:49  Probe (Chrono Boost)  
  35  5:00  Probe (Chrono Boost)  
  35  5:05  Probe (Chrono Boost)  
  37  5:14  Probe (Chrono Boost)  
  37  5:19  Dark Shrine  
  39  5:22  Probe (Chrono Boost)  
  40  5:31  Probe (Chrono Boost)  
  40  5:39  Probe (Chrono Boost)  
  41  5:48  Probe (Chrono Boost)  
  36  5:50  Oracle  
  45  5:56  Probe (Chrono Boost)  
  46  6:01  Shield Battery  
  46  6:04  Probe (Chrono Boost)  
  47  6:13  Probe (Chrono Boost)  
  47  6:16  Charge  
  49  6:21  Probe (Chrono Boost)  
  40  6:30  Probe (Chrono Boost)  
  50  6:38  Probe (Chrono Boost)  
  51  6:44  Sentry  
  51  6:46  Probe (Chrono Boost)  
  51  6:48  Pylon  
  54  6:51  Pylon  
  54  6:56  Pylon  
  54  7:13  Nexus  
  54  7:15  Oracle  
  54  7:18  Dark Templar  
  59  7:28  Protoss Air Weapons Level 1  
  59  7:32  Gateway  
  59  7:35  Gateway  
  59  7:38  Gateway  
  60  7:41  Probe (Chrono Boost)  
  60  7:55  Pylon  
  60  7:57  Robotics Facility  
  60  8:04  Probe (Chrono Boost)  
  60  8:05  Probe (Chrono Boost)  
  62  8:19  Void Ray  
  68  8:21  Probe (Chrono Boost)  
  68  8:22  Probe (Chrono Boost)  
  68  8:29  Dark Templar  
  70  8:38  Probe (Chrono Boost)  
  71  8:42  Robotics Facility  
  71  8:44  Probe (Chrono Boost)  
  72  8:55  Probe (Chrono Boost)  
  74  9:01  Probe (Chrono Boost)  
  74  9:12  Probe (Chrono Boost)  
  74  9:19  Void Ray  
  74  9:39  Immortal  
  78  9:50  Shield Battery, Probe (Chrono Boost)  
  78  9:53  Shield Battery  
  81  10:00  Probe x2 (Chrono Boost)  
  81  10:01  Probe (Chrono Boost)  
  81  10:07  Immortal  
  86  10:12  Zealot  
  86  10:14  Probe (Chrono Boost), Zealot  
  86  10:17  Probe x2 (Chrono Boost)  
  86  10:19  Void Ray  
  98  10:31  Probe (Chrono Boost)  
  98  10:34  Probe x2 (Chrono Boost)  
  100  10:43  Forge  
  100  10:47  Probe (Chrono Boost)  
  100  10:48  Pylon  
  101  10:57  Pylon  
  101  11:01  Pylon  
  101  11:03  Assimilator  
  101  11:09  Assimilator  
  101  11:13  Observer  
  106  11:22  Dark Templar x2  
  106  11:23  Dark Templar x2  
  106  11:29  Archon  
  114  11:31  Void Ray  
  118  11:43  Immortal  
  118  11:46  Pylon x2  
  118  11:48  Probe (Chrono Boost), Pylon  
  119  11:50  Pylon  
  119  11:53  Nexus  
  119  11:54  Protoss Ground Weapons Level 1  
  119  11:58  Immortal  
  123  12:17  Photon Cannon  
  123  12:20  Photon Cannon  
  123  12:28  Photon Cannon  
  123  12:47  Photon Cannon  
  123  12:52  Shield Battery  
  123  12:53  Immortal  
  123  12:55  Shield Battery  
  123  12:59  Shield Battery  
  127  13:06  Photon Cannon  
  127  13:08  Dark Templar x2  
  127  13:09  Dark Templar x2  
  94  14:07  Gateway  
  94  14:12  Pylon  
  94  14:14  Pylon  
  94  14:15  Stalker x3  
  94  14:16  Stalker, Pylon  
  94  14:18  Pylon  
  102  14:23  Void Ray  
  106  14:38  Immortal  
  110  14:46  Fleet Beacon  
  110  15:15  Shield Battery  
  110  15:17  Shield Battery  
  95  15:20  Shield Battery  
  95  15:23  Void Ray  
  95  15:24  Shield Battery  
  95  15:25  Gateway  
  95  15:29  Assimilator  
  91  15:36  Assimilator  
  77  15:44  Dark Templar  
  77  15:45  Dark Templar x4  
  87  16:12  Stargate  
  87  16:13  Stargate  
  87  16:22  Gateway  
  87  16:26  Gateway  
  87  16:28  Carrier  
  87  16:29  Protoss Ground Weapons Level 2  
  91  16:39  Protoss Air Weapons Level 2  
  91  16:40  Immortal  
  91  16:41  Immortal  
  91  16:42  Pylon  
  91  16:45  Pylon  
  107  16:51  Gateway  
  109  17:02  Carrier  
  109  17:25  Carrier  
  109  17:36  Shield Battery  
  109  17:37  Probe (Chrono Boost)  
  109  17:39  Shield Battery  
  116  17:41  Shield Battery  
  116  17:43  Shield Battery  
  116  17:48  Probe (Chrono Boost)  
  116  17:58  Carrier  
  123  18:02  Probe (Chrono Boost)  
  124  18:18  Probe (Chrono Boost)  
  125  18:24  Immortal  
  135  18:32  Carrier  
  135  18:35  Probe (Chrono Boost)  
  136  18:44  Dark Templar  
  136  18:45  Dark Templar  
  140  18:50  Stalker x2  
  140  18:51  Stalker  
  140  18:55  Carrier, Zealot x3  
  140  18:56  Zealot  
  154  19:07  Immortal  
  164  19:13  Unknown  
  164  19:28  Protoss Ground Weapons Level 3, Carrier  
  168  20:01  Carrier  
  128  20:25  Carrier  
  128  20:27  Dark Templar x3  
  128  20:28  Dark Templar x2  
  113  20:58  Carrier  
  116  21:16  Dark Templar x3  
  116  21:18  Dark Templar  
  124  21:33  Dark Templar  
  126  21:49  Zealot x4  
  134  22:03  Unknown  
  134  22:17  Tempest  
  139  22:20  Pylon  
  139  22:23  Pylon  
  139  22:25  Tempest  
  139  22:26  Gateway  
  144  22:31  Unknown  
  144  22:58  Tempest  
  149  23:02  Zealot x4  
  149  23:03  Zealot  
  149  23:06  Protoss Ground Armor Level 1  
  159  23:13  Zealot x2  
  159  23:17  Tempest  
  168  23:25  Observer, Void Ray  
  168  23:28  Assimilator  
  168  23:29  Pylon x2  
  173  23:31  Assimilator  
  173  23:34  Pylon  
  173  23:35  Nexus  
  173  23:36  Shield Battery  
  173  23:40  Gateway  
  173  23:41  Gateway  
  181  24:25  Dark Templar  
  181  24:26  Dark Templar  
  181  24:29  Zealot x3  
  191  24:54  Unknown  
  118  25:37  Dark Templar x2  
  118  25:38  Dark Templar  
  124  25:48  Tempest  
  129  26:01  Carrier  
  129  26:03  Dark Templar  
  129  26:05  Zealot  
  129  26:06  Zealot x3  
  129  26:07  Zealot  
  141  26:35  Unknown  
  141  26:38  Zealot  
  141  26:39  Zealot x4  
  157  26:40  Zealot x3  
  157  26:49  Tempest  
  168  26:58  Zealot  
  170  27:06  Protoss Air Weapons Level 3  
  170  27:09  Zealot x2  
  174  27:10  Zealot x4  
  174  27:11  Zealot x2  
  186  27:35  Zealot  
  186  27:50  Unknown  
  128  28:36  Zealot x3  
  128  28:37  Zealot x4  
  128  28:38  Zealot x2  
  146  29:05  Carrier  
  146  29:06  Carrier  
  146  29:33  Dark Templar x3  
  146  29:34  Dark Templar x2  
  146  29:38  Tempest  
  169  29:41  Zealot  
  169  29:42  Zealot x3  
  163  31:01  Tempest  
  163  31:05  Tempest  
  163  31:06  Tempest  
  178  31:31  Carrier  
  178  32:04  Carrier  
  178  32:05  Carrier  
Tags
 
Add a new tag
Caveats
  • Supply blocks, unpowered buildings, or Contaminate may cause inaccurate times.
  • Supply counts are checked every 10 seconds.